FourkCrashesConstantly, neutral female scurrid Tourist o } ^ ..@ & .@. FourkCrashesConstantly the Rambler Experience level: 1 Strength: 12 Dexterity: 14 Constitution: 11 Intelligence: 12 Wisdom: 11 Charisma: 15 Health: 0(9) Energy: 2(2) Def: 0 Gold: 649 Moves: 86 Dungeon seed: WBJRMUX-0oei_YVr Game ID: FourkCrashesConstantly_1498232965 Your Inventory: Coins $ - 649 gold pieces Weapons a - 51 blessed +2 darts (in quiver) Armor e - an uncursed +0 Hawaiian shirt (being worn) Comestibles b - an uncursed tripe ration c - an uncursed tin of jackal meat d - an uncursed fortune cookie f - an uncursed chestnut g - 6 uncursed food rations h - 2 uncursed tins of newt meat Scrolls j - a blessed scroll of blank paper k - 3 uncursed scrolls of magic mapping Potions i - 2 uncursed diluted potions of extra healing Wands n - an uncursed wand of secret door detection (0:15) Tools l - an uncursed expensive camera (0:68) m - an uncursed credit card o - an uncursed leash Spells and supernatural/magical abilities: Name Level Category Fail Memory W - pray for help -- divine ? -- Your skills at the end: Miscellaneous Skills wands [Basic] Weapon Skills dart [Basic] Spellcasting Skills Final Attributes: You were devoutly aligned. You were hallucinating. You had infravision. You were very stealthy. You are dead. Vanquished creatures: a black light and a partridge in a pear tree Voluntary challenges: You went without food. You did not adorn yourself with jewelry or accessories. You did not cause conflict. You were not invisible. You did not have reflection. You were not displaced. You were an atheist. You never hit with a wielded weapon. You were a pacifist. You did not use tools. You did not use plumbed fixtures. You did not drink any magical draughts. You were illiterate. You never genocided any monsters. You never polymorphed an object. You never changed form. You used no wishes. You never split a pudding. You never wrote Elbereth's name. You never violated your personal moral code. Dungeon overview: The Dungeons of Doom: levels 1 to 27 Level 1 a long staircase Level 2 Level 3 Level 4 Level 5 Level 6 Level 7 Level 8 Level 9 Level 10 Level 11 Level 12 Level 13 Level 14 Level 15 Level 16 Level 17 Level 18 Level 19 Level 20 Level 21 many trees Level 22 Level 23 Level 24 Level 25 Level 26 Level 27 <- You were here History has recorded: On T:1 you entered the Dungeons of Doom to retrieve the Amulet of Yendor! On T:4 you reached level 2 of The Dungeons of Doom. On T:6 you reached level 3 of The Dungeons of Doom. On T:8 you reached level 4 of The Dungeons of Doom. On T:10 you reached level 5 of The Dungeons of Doom. On T:13 you reached level 6 of The Dungeons of Doom. On T:15 you reached level 7 of The Dungeons of Doom. On T:17 you reached level 8 of The Dungeons of Doom. On T:19 you reached level 9 of The Dungeons of Doom. On T:22 you reached level 10 of The Dungeons of Doom. On T:24 you reached level 11 of The Dungeons of Doom. On T:26 you reached level 12 of The Dungeons of Doom. On T:28 you reached level 13 of The Dungeons of Doom. On T:31 you reached level 14 of The Dungeons of Doom. On T:33 you reached level 15 of The Dungeons of Doom. On T:33 you entered the Rogue tribute level. On T:35 you reached level 16 of The Dungeons of Doom. On T:37 you reached level 17 of The Dungeons of Doom. On T:40 you reached level 18 of The Dungeons of Doom. On T:42 you reached level 19 of The Dungeons of Doom. On T:44 you reached level 20 of The Dungeons of Doom. On T:46 you reached level 21 of The Dungeons of Doom. On T:49 you reached level 22 of The Dungeons of Doom. On T:51 you reached level 23 of The Dungeons of Doom. On T:53 you reached level 24 of The Dungeons of Doom. On T:55 you reached level 25 of The Dungeons of Doom. On T:58 you reached level 26 of The Dungeons of Doom. On T:60 you reached The Castle. Score breakdown: Gold: 0 ( 0 points) Experience: 1 level ( 0 points) Exploration: 27 levels ( 780 points) Discoveries: 1 item ( 50 points) Variety of kills: 1 monster ( 50 points) Major goal: (nothing yet) ( 0 points) Survival: died (score multiplied by 3) Total score: 2640 Latest messages: As you dig, the hole fills with water! You fall into the water! You sink like a rock. You try to crawl out of the water. Pheew! That was close. You hurt your teeth on the hard stone. You start digging. This wall is too hard to dig into. You can see again. Suddenly, the soldier disappears out of sight. You hear a crunching sound. You sense a monster nearby! There's still a monster there. Something bumps right into you! There's still a monster there. Something explodes! You are caught in a blast of kaleidoscopic light! You are freaked out. You sense a faint wave of psychic energy. (2x) You hear a crunching sound. (2x) The dwarf bites! You die... Final status: Aloha FourkCrashesConstantly the Tourist, killed by a hallucinogen-distorted snake... You died in The Dungeons of Doom on dungeon level 27 with 2640 points, and 649 pieces of gold, after 86 moves. You were level 1 with a maximum of 9 hit points when you died.